 Dungeon Crawl Stone Soup version 0.27-a0-1196-g3e9cee4cb2 (webtiles) character file.

Game seed: 13634535062466206823

11 Kinoniko the Skirmisher (level 2, 19/24 HPs)
             Began as a Demonspawn Fighter on May 27, 2021.
             Quit the game on level 1 of the Dungeon.
             The game lasted 00:00:36 (406 turns).

Kinoniko the Skirmisher (Demonspawn Fighter)         Turns: 406, Time: 00:00:37

Health: 19/24      AC:  6    Str: 16    XL:     2   Next: 13%
Magic:  2/2        EV:  6    Int:  9    God:
Gold:   15         SH:  8    Dex: 12    Spells: 1/1 levels left

rFire    . . .     SeeInvis .   a - +0 war axe
rCold    . . .     Faith    .   c - +0 kite shield
rNeg     . . .     Spirit   .   b - +0 scale mail
rPois    .         Reflect  .   (no helmet)
rElec    .         Harm     .   (no cloak)
rCorr    .         Rampage  .   (no gloves)
Will     .....                  (no boots)
Stlth    ..........             (no amulet)
HPRegen  0.08/turn              (no ring)
MPRegen  0.08/turn              (no ring)

@: no status effects
A: demonic magic 1
a: no special abilities


You were on level 1 of the Dungeon.
You visited 1 branch of the dungeon, and saw 1 of its levels.

You collected 15 gold pieces.

Inventory:

Hand Weapons
 a - a +0 war axe (weapon)
Armour
 b - a +0 scale mail (worn)
 c - a +0 kite shield (worn)
Jewellery
 e - an amulet of magic regeneration
Potions
 d - a potion of might


   Skills:
 - Level 3.0 Fighting
 + Level 2.6 Axes
 - Level 2.6 Armour
 - Level 2.6 Shields


You had one spell level left.
You didn't know any spells.
Your spell library was empty.

Dungeon Overview and Level Annotations

Branches:
Dungeon (1/15)

Altars:


Innate Abilities, Weirdness & Mutations

Spells you cast may paralyse adjacent enemies.


Message History

You open the door.
Found a stone staircase leading down.
No target in view!
There is a stone staircase leading down here.
A goblin comes into view. It is wielding a +0 dagger.
The goblin shouts!
A ball python comes into view.
The ball python hisses angrily.
Found 11 gold pieces.
The ball python bites you but does no damage.
You block the ball python's attack. The ball python bites you.
The ball python barely misses you.
You closely miss the ball python. You block the ball python's attack.
The ball python grabs you. The ball python constricts you.
The ball python bites you. The ball python constricts you.
You slash the ball python!
You kill the ball python!
The goblin barely misses you.
You closely miss the goblin.
The goblin hits you with a +0 dagger. x2
You closely miss the goblin. You block the goblin's attack.
You closely miss the goblin.
The goblin hits you but does no damage. x2
You closely miss the goblin. The goblin hits you with a +0 dagger.
You closely miss the goblin. The goblin closely misses you.
The goblin barely misses you.
You hit the goblin.
You kill the goblin!
No target in view!
No target in view!
No target in view!
No target in view!
No target in view!
No target in view!
No target in view!
No target in view!
No target in view!
No target in view!
No target in view!
No target in view!
No target in view!
Are you sure you want to abandon this character and quit the game? (Confirm with "yes".)

#>................
#.######.###....#.
#.# #.###....#.
#.# #...#######
#.# ##### #.# #.#
#.# #@# # #)#
#........
......$..
#.........
#.........
#.........
#.........
#.........


There were no monsters in sight!

Vanquished Creatures
  2 endoplasms (D:1)
  2 giant cockroaches (D:1)
  2 ball pythons (D:1)
  A bat (D:1)
  A goblin (D:1)
  2 kobolds (D:1)
10 creatures vanquished.

Notes
Turn   | Place    | Note
-------+----------+-------------------------------------------
     0 | D:1      | Kinoniko the Demonspawn Fighter began the quest for the
                  | Orb.
     0 | D:1      | Reached XP level 1. HP: 18/18 MP: 1/1
   294 | D:1      | Gained mutation: Spells you cast may paralyse adjacent
                  | enemies. [demonic ancestry]
   294 | D:1      | Reached XP level 2. HP: 24/24 MP: 2/2
   406 | D:1      | Quit the game

Illustrated notes

Levels and vault maps discovered:
D:1:      dpeg_arrival_prison, layout_basic, serial_co_window_serial,
          co_window_of_opportunity_a, co_window_paths_a, co_window_paths_b,
          co_window_paths_a, co_window_corner_a, co_window_broadway_c,
          co_window_corner_b, co_window_cross_2, co_window_corner_b,
          co_window_of_opportunity_b, co_window_corner_cb, glass_columns_b,
          glass_columns_a

Skill      XL: |  1 |
---------------+----+-----
Axes           | 2 |  2.6
Fighting       | |  3.0
Armour         | |  2.6
Shields        | |  2.6

Action                   || total
-------------------------++-------
Melee: War axe           ||    39
Armor: Scale mail        ||    28
Dodge: Dodged            ||    12
Block: Kite shield       ||    18

Table legend: (Time is in decaauts)
 A = Elapsed time spent in this place.
 B = Non-inter-level travel time spent in this place.
 C = Inter-level travel time spent in this place.
 D = Time resting spent in this place.
 E = Time spent auto-exploring this place.
 F = Levels seen in this place.
 G = Mean time per level.
                   A        B        C        D        E       F      G
               +--------+--------+--------+--------+--------+-----+--------+
         Total |    430 |    430 |      0 |    195 |    138 |   1 |  430.0 |
       Dungeon |    430 |    430 |      0 |    195 |    138 |   1 |  430.0 |
               +--------+--------+--------+--------+--------+-----+--------+

Top non-repeatable levels by time:
     D:1: 430 daAuts
